 Dungeon Crawl Stone Soup version 0.29-a0-25-g7f48f510a0 (webtiles) character file.

Game seed: 8062839636394929819

14236 willcat the Protected (level 12, -13/86 (89) HPs)
             Began as a Human Fighter on Feb 1, 2022.
             Was a High Priest of Uskayaw.
             Mangled by a red devil (15 damage)
             ... while paralysed by an orc sorcerer
             ... on level 2 of the Orcish Mines.
             The game lasted 00:15:44 (12594 turns).

willcat the Protected (Human Fighter)              Turns: 12594, Time: 00:15:45

HP:   -13/86 (89)   AC: 14    Str: 18    XL:     12   Next: 42%
MP:   16/16         EV:  2    Int: 11    God:    Uskayaw [*****.]
Gold: 839           SH:  0    Dex: 14    Spells: 11/11 levels left

rFire   . . .      SeeInvis .   p - +6 shillelagh "Devastator" {shatter}
rCold   + + .      Faith    .   c - +0 buckler
rNeg    . . .      Spirit   .   H - +1 plate armour {rC+}
rPois   .          Reflect  .   (no helmet)
rElec   .          Harm     .   C - +0 cloak
rCorr   .          Rampage  .   u - +0 pair of gloves
Will    .....                   (no boots)
Stlth   ..........              F - amulet of magic regeneration
HPRegen 0.24/turn               d - ring of protection from cold
MPRegen 0.55/turn               w - +4 ring of evasion

@: paralysed, spiked, corroded, lightly drained
A: no striking features
a: Renounce Religion, Stomp, Line Pass, Grand Finale


You were on level 2 of the Orcish Mines.
You worshipped Uskayaw.
Uskayaw was noncommittal.
You visited 3 branches of the dungeon, and saw 12 of its levels.
You also visited: Ossuary.

You collected 1129 gold pieces.
You spent 290 gold pieces at shops.

Inventory:

Hand Weapons
 p - the +6 shillelagh "Devastator" (weapon) {shatter}
   (You found it on level 4 of the Dungeon)

   It releases a powerful concussive burst when it strikes, dealing extra damage
   to the target and all other foes adjacent to them.
 q - a +3 vampiric demon trident
Armour
 c - a +0 buckler (worn)
 u - a +0 pair of gloves (worn)
 C - a +0 cloak (worn)
 H - a +1 plate armour of cold resistance (worn)
Jewellery
 d - a ring of protection from cold (left hand)
 m - a ring of protection from cold
 w - a +4 ring of evasion (right hand)
 B - a ring of flight
 F - an amulet of magic regeneration (around neck)
Wands
 s - a wand of flame (15)
 t - a wand of polymorph (9)
Scrolls
 b - a scroll of torment
 f - 4 scrolls of vulnerability
 j - a scroll of enchant weapon
 n - a scroll of summoning
 o - 3 scrolls of teleportation
 x - a scroll of blinking
 y - 2 scrolls of immolation
 E - a scroll of fear
 G - a scroll of identify
Potions
 e - 3 potions of heal wounds
 g - 3 potions of brilliance
 h - a potion of invisibility {unknown}
 i - 2 potions of magic {unknown}
 k - 4 potions of mutation
 l - 4 potions of curing
 r - 2 potions of flight {unknown}
 v - 2 potions of haste
 z - a potion of cancellation {unknown}
 A - a potion of degeneration {unknown}


   Skills:
 + Level 6.3 Fighting
 - Level 3.8 Long Blades
 + Level 8.1 Maces & Flails
 + Level 9.4 Armour
 + Level 9.0 Dodging
 + Level 9.4 Shields
 + Level 5.9 Invocations


You had 11 spell levels left.
You didn't know any spells.
Your spell library contained the following spells:

 Spells                   Type           Power      Damage    Failure   Level
 Magic Dart               Conj           0%         1d3       100%        1
 Summon Small Mammal      Summ           0%         N/A       100%        1
 Call Imp                 Summ           0%         N/A       100%        2
 Ensorcelled Hibernation  Hex/Ice        0%         N/A       100%        2
 Call Canine Familiar     Summ           0%         N/A       100%        3
 Mephitic Cloud           Conj/Pois/Air  0%         N/A       100%        3
 Spider Form              Tmut/Pois      0%         N/A       100%        3
 Summon Guardian Golem    Hex/Summ       0%         N/A       100%        3
 Anguish                  Hex/Necr       0%         N/A       100%        4
 Olgreb's Toxic Radiance  Pois           0%         N/A       100%        4
 Ozocubu's Refrigeration  Ice            0%         4d5       100%        7
 Ignition                 Fire           0%         3d3       100%        8


Dungeon Overview and Level Annotations

Branches:
Dungeon (9/15)             Temple (1/1) D:7             Orc (2/2) D:9
    Elf (0/3) Orc:2       Ossuary (visited)
   Lair: D:8-11

Altars:
Cheibriados
Fedhas
Hepliaklqana
Makhleb
Qazlal
Uskayaw
Wu Jian

Shops:
D:1 :   D:6 *   D:8 *   Orc:2 !!


Message History

The orc sorcerer barely misses you.
You hear a shout! x3
Unknown command.
You hit the orc sorcerer.
The orc sorcerer shudders.
The orc sorcerer is heavily wounded. x2
You hear a shout!
An orc warrior comes into view. It is wielding a +0 trident.
An orc knight comes into view. It is wielding a +2 battleaxe of venom.
The orc sorcerer points at you and mumbles some strange words.
The bolt of fire hits you.
The orc knight shouts!
You hit the orc sorcerer.
The orc sorcerer shudders.
The orc sorcerer is heavily wounded.
The orc knight roars a battlecry!
The orc warriors go into a battle-frenzy!
The orc sorcerer hits you with a +0 dagger.
Unknown command.
You hit the orc sorcerer but do no damage.
The orc sorcerer is heavily wounded.
The orc sorcerer casts a spell at you. The bolt of negative energy hits you!
You feel drained.
Unknown command.
You hit the orc sorcerer.
The orc sorcerer shudders.
The orc sorcerer is severely wounded. x2
The orc warrior hits you with a +0 hand axe!
The orc sorcerer casts a spell at you.
You suddenly lose the ability to move!
The red devil hits you from afar with a +0 trident!
* * * LOW HITPOINT WARNING * * *
Barbed spikes become lodged in your body.
The orc warrior hits you but does no damage.
The orc sorcerer points at you and mumbles some strange words.
The bolt of fire hits you!
* * * LOW HITPOINT WARNING * * *
The red devil hits you but does no damage.
The orc warrior hits you with a +0 hand axe!
* * * LOW HITPOINT WARNING * * *
The orc sorcerer casts a spell.
The red devil hits you from afar with a +0 trident!
You die...

#..#.......##.#..
...o......#......
...#.............
#...#..<..#.#..##
##.###.........## ###
#.#...........
##.###........#..). ##..o#
#..#......... #..
##.#@#.###...........
##..###...#o3.###......)...
##..###)).###4..###.........
##..###..)## #...###........
##........## #o..###.......
##....#...## #.o. ##......
##...#....## #.# ##.....
##∩.#.....## .. ##..>.
#.....#..## ##...


You could see an orc knight, a sixfirhy (summoned), an orc sorcerer, a red devil
and 2 orc warriors.

Vanquished Creatures
  A two-headed ogre (D:8)
  An orc high priest (Orc:2)
  3 orc knights
  2 orc sorcerers
  A rust devil (Orc:2)
  2 red devils (Orc:2)
  2 trolls
  2 hornets (D:9)
  Sigmund (D:2)
  2 yaks (D:9)
  3 shadows
  Eustachio (D:5)
  A basilisk (D:8)
  A wyvern (D:8)
  A two-headed ogre zombie (D:9)
  3 wargs
  2 sky beasts
  3 ice beasts
  28 orc warriors
  2 hornet zombies (D:6)
  5 ogres
  2 centaurs
  A phantom (D:8)
  A kobold brigand (D:9)
  4 elf zombies (Ossuary)
  2 bullfrogs
  A gnoll sergeant (D:7)
  2 scorpions
  A water moccasin zombie (D:7)
  A wyvern zombie (D:7)
  3 killer bees (D:7)
  A troll zombie (D:9)
  5 wights
  4 howler monkeys (D:8)
  2 centaur zombies
  A hound (D:5)
  2 human zombies (Ossuary)
  2 bullfrog zombies (D:5)
  19 orc priests
  A centaur skeleton (D:7)
  3 jellies
  4 iguanas
  12 orc wizards
  A scorpion zombie (D:5)
  A killer bee zombie (D:5)
  6 ogre zombies (D:9)
  2 hound zombies (Ossuary)
  A hound skeleton (D:2)
  3 mummies (Ossuary)
  5 adders
  5 gnolls
  A shadow imp (D:7)
  2 ufetubi
  5 adder zombies (Ossuary)
  4 dart slugs
  53 orcs
  8 ball pythons
  12 endoplasms
  2 giant cockroaches (D:1)
  2 gnoll zombies (Ossuary)
  5 goblins
  2 hobgoblins
  2 jackals (D:1)
  2 quokkas (D:4)
  7 bats
  3 frilled lizards
  2 goblin skeletons (D:9)
  5 goblin zombies (Ossuary)
  2 hobgoblin skeletons (D:9)
  8 hobgoblin zombies
  3 jackal zombies (Ossuary)
  16 kobolds
  2 kobold zombies (Ossuary)
  An orc skeleton (D:9)
  18 orc zombies
  4 quokka zombies (Ossuary)
  3 rats
  A rat zombie (Ossuary)
340 creatures vanquished.

Vanquished Creatures (collateral kills)
  A boulder beetle (D:7)
1 creature vanquished.

Vanquished Creatures (others)
  A plant (D:2)
1 creature vanquished.

Grand Total: 342 creatures vanquished

Notes
Turn   | Place    | Note
-------+----------+-------------------------------------------
     0 | D:1      | willcat the Human Fighter began the quest for the Orb.
     0 | D:1      | Reached XP level 1. HP: 18/18 MP: 1/1
    38 | D:1      | Reached XP level 2. HP: 20/24 MP: 2/2
   341 | D:1      | Reached XP level 3. HP: 11/29 MP: 3/3
   342 | D:1      | Reached skill level 1 in Dodging
   634 | D:1      | Found Piasan's Book Shop.
   942 | D:1      | Found a faded altar of an unknown god.
  1416 | D:2      | Noticed Sigmund
  1425 | D:2      | Killed Sigmund
  1426 | D:2      | Reached XP level 4. HP: 29/35 MP: 4/4
  1426 | D:2      | Reached XP level 5. HP: 34/41 MP: 5/5
  1426 | D:2      | Reached XP level 6. HP: 39/47 MP: 6/6
  2825 | D:4      | Found the +6 shillelagh "Devastator" {shatter}
  3320 | D:4      | Noticed an ogre
  3329 | D:4      | Killed an ogre
  3330 | D:4      | Reached XP level 7. HP: 37/52 MP: 7/7
  4119 | D:5      | Entered Level 5 of the Dungeon
  4149 | D:5      | Reached skill level 1 in Maces & Flails
  4179 | D:5      | Reached skill level 5 in Shields
  4322 | D:5      | Reached skill level 5 in Armour
  4544 | D:5      | Reached XP level 8. HP: 58/58 MP: 8/8
  4812 | D:5      | Noticed Eustachio
  4819 | D:5      | Killed Eustachio
  5313 | D:6      | Reached skill level 5 in Dodging
  5313 | D:6      | Reached XP level 9. HP: 26/63 MP: 9/9
  5871 | D:6      | Found Udeahic's Elemental Accessories.
  6026 | D:6      | Found a hazy altar of Hepliaklqana.
  6180 | D:7      | Found a sand-covered staircase.
  6289 | Ossuary  | Entered an ossuary
  6574 | D:7      | Reached skill level 5 in Maces & Flails
  6757 | D:7      | Noticed a boulder beetle
  6785 | D:7      | Killed a boulder beetle
  6786 | D:7      | Reached XP level 10. HP: 31/70 MP: 10/10
  7341 | D:7      | Found a staircase to the Ecumenical Temple.
  7386 | Temple   | Entered the Ecumenical Temple
  7448 | Temple   | Became a worshipper of Uskayaw the Reveller
  7461 | D:7      | Reached * piety under Uskayaw
  7591 | D:7      | Reached ** piety under Uskayaw
  7945 | D:8      | Noticed a two-headed ogre
  7978 | D:8      | Killed a two-headed ogre
  7978 | D:8      | Reached *** piety under Uskayaw
  7979 | D:8      | Reached skill level 1 in Invocations
  8242 | D:8      | Found Hicvicau's Humungous Hoard.
  8251 | D:8      | Bought a potion of heal wounds for 60 gold pieces
  8251 | D:8      | Bought a potion of haste for 120 gold pieces
  8660 | D:9      | Found a staircase to the Orcish Mines.
  8772 | D:9      | Reached XP level 11. HP: 64/77 MP: 12/12
  8773 | D:9      | Reached **** piety under Uskayaw
  8781 | D:9      | Reached ***** piety under Uskayaw
  9752 | Orc:1    | Entered Level 1 of the Orcish Mines
  9752 | Orc:1    | Found a burning altar of Makhleb.
  9768 | Orc:1    | Reached ****** piety under Uskayaw
  9886 | Orc:1    | Reached skill level 5 in Fighting
  9967 | Orc:1    | Noticed an orc sorcerer
  9979 | Orc:1    | Killed an orc sorcerer
 10069 | Orc:1    | Noticed an orc knight
 10469 | D:8      | Killed an orc knight
 10716 | Orc:1    | You fall into a shaft and drop 1 floor!
 10716 | Orc:2    | Entered Level 2 of the Orcish Mines
 10716 | Orc:2    | Noticed an orc knight
 10716 | Orc:2    | Found Birph's Distillery.
 10716 | Orc:2    | Found Panoallu's Distillery.
 10882 | Orc:2    | Found a staircase to the Elven Halls.
 10882 | Orc:2    | Noticed an orc knight
 11419 | Orc:1    | Killed an orc knight
 11755 | Orc:2    | Reached skill level 5 in Invocations
 12001 | Orc:2    | Reached XP level 12. HP: 87/87 MP: 15/15
 12486 | Orc:2    | Bought a potion of heal wounds for 55 gold pieces
 12486 | Orc:2    | Bought a potion of heal wounds for 55 gold pieces
 12573 | Orc:2    | Noticed an orc high priest
 12585 | Orc:2    | Killed an orc high priest
 12591 | Orc:2    | Paralysed by an orc sorcerer for 6 turns
 12593 | Orc:2    | HP: 1/86 [orc warrior (9)]
 12594 | Orc:2    | Noticed a sixfirhy
 12594 | Orc:2    | Mangled by a red devil

Illustrated notes

Levels and vault maps discovered:
D:1:      lightli_arrival_noodles, layout_loops_cross, serial_shops, shop,
          hellmonk_ecumenical_altar_heavens_door
D:2:      layout_basic, serial_co_window_serial, co_window_corner_a,
          co_window_corner_a, co_window_corner_a, co_window_of_opportunity_a,
          co_window_of_opportunity_a, co_window_unsneaky_path_d,
          co_window_corner_cb, co_window_corner_b, co_window_of_opportunity_c,
          co_window_broadway_b, co_window_corner_cb, glass_columns_c,
          glass_columns_b, glass_columns_b, glass_columns_a,
          serial_bayou_pond_d, uniq_sigmund
D:3:      layout_loops_ring, chequers_jeans, minmay_checkerbox
D:4:      layout_layer_cave
D:5:      layout_rooms, uniq_eustachio
D:6:      layout_cave_pools, mainiacjoe_overflow_alcove_1,
          minmay_misc_feat_doors, nicolae_elemental_shop
D:7:      minmay_angry_zag, layout_basic, minmay_temple_entry_grid,
          nicolae_ossuary_entry_ruins, minmay_small_thing
D:8:      layout_loops_ring, nicolae_alphabet_shops
D:9:      layout_rooms, zombieorc2_lemuel, fungi_pond_lemuel
Temple:   regret_index_temple_sigil_plot
Orc:1:    layout_caves, basic_altar, portal_ice_cave_entry_pillars_2
Orc:2:    pf_orc_diabolical, layout_caves

Skill      XL: |  1  2  3  4  5  6  7  8  9 10 11 12 |
---------------+-------------------------------------+-----
Dodging        | 2 3 5 6 7 8 9 |  9.0
Long Blades    | 3 |  3.8
Armour         | 4 5 6 7 8 9 |  9.4
Shields        | 4 5 6 7 8 9 |  9.4
Maces & Flails | 1 3 5 6 7 8 |  8.1
Invocations    | 2 5 |  5.9
Fighting       | 4 5 6 |  6.3

Action                   |  1- 3 |  4- 6 |  7- 9 | 10-12 || total
-------------------------+-------+-------+-------+-------++-------
Melee: Long sword        |    71 |   113 |     4 |       ||   188
       Shillelagh        |       |       |   176 |   349 ||   525
Evoke: Wand              |       |       |       |     2 ||     2
  Use: Potion            |     1 |       |       |     4 ||     5
       Scroll            |       |       |     9 |     7 ||    16
 Stab: Paralysed         |       |       |       |    14 ||    14
Armor: Scale mail        |    24 |    51 |     6 |       ||    81
       Plate armour      |       |       |    63 |   131 ||   194
Dodge: Dodged            |    34 |    59 |    64 |   175 ||   332
Block: Buckler           |    13 |    28 |    37 |   106 ||   184

Table legend: (Time is in decaauts)
 A = Elapsed time spent in this place.
 B = Non-inter-level travel time spent in this place.
 C = Inter-level travel time spent in this place.
 D = Time resting spent in this place.
 E = Time spent auto-exploring this place.
 F = Levels seen in this place.
 G = Mean time per level.
                   A        B        C        D        E       F      G
               +--------+--------+--------+--------+--------+-----+--------+
         Total |  12667 |  12390 |    277 |   3337 |   6895 |  13 |  974.4 |
       Dungeon |  10359 |  10083 |    276 |   2466 |   6104 |   9 | 1151.0 |
        Temple |     69 |     69 |      0 |      0 |     44 |   1 |   69.0 |
  Orcish Mines |   1950 |   1949 |      1 |    870 |    570 |   2 |  975.0 |
       Ossuary |    288 |    288 |      0 |      0 |    177 |   1 |  288.0 |
               +--------+--------+--------+--------+--------+-----+--------+

Top non-repeatable levels by time:
     D:8: 1523 daAuts
     D:7: 1444 daAuts
     D:4: 1443 daAuts
     D:1: 1172 daAuts
     D:9: 1139 daAuts
   Orc:2: 1023 daAuts
     D:5: 996 daAuts
     D:6: 938 daAuts
   Orc:1: 927 daAuts
     D:2: 906 daAuts
     D:3: 793 daAuts
 Ossuary: 288 daAuts
  Temple: 69 daAuts
